Map: King's Cove LE

Players

TiPtOP

  • Race: Terran Terran
  • League: Silver
  • Spawn Location: 5:00

JarzHuntz - Winner!

  • Race: Protoss Protoss
  • League: Gold
  • Spawn Location: 11:00

VOD

Have the link to the VOD?

Description

Time

  • Played on: Aug. 12, 2019, 10:08 a.m.
  • Length: 16:19
Show
View Real Time Build Order
Export as new Build Order

TiPtOP Terran 

Build Orders:  

Get SALT Encoding   

  12  0:01  SCV  
  13  0:13  SCV  
  14  0:22  Supply Depot  
  14  0:25  SCV  
  15  0:44  SCV  
  15  0:47  Barracks  
  16  0:51  Refinery  
  16  0:56  SCV  
  17  1:08  SCV  
  18  1:23  SCV  
  19  1:39  Barracks Reactor, Command Center  
  19  1:49  Barracks  
  19  2:16  SCV  
  19  2:17  Marine x2  
  22  2:38  Supply Depot, Marine, Barracks Tech Lab  
  22  2:42  Orbital Command  
  23  2:50  Marine  
  24  3:08  SCV, Barracks  
  24  3:12  SCV  
  26  3:20  SCV, Marine x2  
  26  3:21  Marauder  
  31  3:28  Stimpack  
  31  3:32  SCV  
  32  3:38  SCV  
  33  3:47  SCV  
  34  3:50  SCV  
  34  3:53  Marine x2  
  34  3:54  Marauder  
  39  3:59  SCV  
  39  4:02  SCV  
  41  4:11  SCV, Marine x2  
  41  4:14  SCV  
  46  4:17  Marauder  
  46  4:21  Factory  
  46  4:23  Refinery  
  46  4:31  Supply Depot  
  46  4:33  Supply Depot  
  46  4:54  Supply Depot  
  46  4:56  Orbital Command  
  46  5:00  Marine x2  
  46  5:01  Marauder  
  46  5:03  SCV  
  51  5:14  Factory Reactor  
  51  5:15  SCV  
  51  5:17  Starport  
  51  5:21  Marine x2  
  52  5:22  Marauder  
  52  5:23  Barracks Reactor  
  52  5:27  SCV  
  57  5:39  SCV  
  58  5:43  SCV, Marauder  
  58  5:45  Marine  
  58  5:46  Marine  
  63  5:56  SCV  
  64  5:59  Factory Tech Lab  
  64  6:03  Marine  
  65  6:05  Marauder  
  65  6:06  Marine x3  
  70  6:18  Supply Depot  
  70  6:39  Supply Depot  
  70  6:40  Marine x3, Marauder, Medivac  
  70  6:41  Supply Depot  
  70  6:46  Marine  
  78  6:49  Combat Shield  
  78  7:01  Siege Tank, Marine, Medivac  
  78  7:02  Marauder  
  78  7:03  Supply Depot  
  78  7:04  Engineering Bay  
  78  7:07  Marine x2  
  88  7:13  Medivac  
  90  7:20  SCV x2  
  92  7:23  Marauder  
  94  7:40  Siege Tank  
  94  7:43  Marine  
  94  7:44  Marine x2, Marauder  
  99  7:49  Supply Depot  
  102  8:11  Marine x4, Marauder  
  108  8:13  Supply Depot  
  108  8:28  Marine x2  
  110  8:34  Siege Tank  
  110  8:35  Supply Depot, Marauder, Terran Infantry Weapons Level 1  
  110  8:39  Concussive Shells  
  115  8:45  Marine x2  
  117  8:57  Marauder  
  117  8:58  Supply Depot  
  102  9:20  Supply Depot  
  68  9:43  Supply Depot  
  68  9:44  Marine x4  
  68  9:45  Marauder  
  67  10:02  Marine x3  
  67  10:07  Marauder  
  72  10:19  Factory  
  72  10:24  Marine x4  
  72  10:27  Medivac x2  
  72  10:28  Marauder  
  82  10:29  Siege Tank  
  85  10:37  Command Center  
  85  10:49  Marauder  
  71  11:07  Marine x4  
  71  11:11  Marauder, Factory Tech Lab  
  77  11:24  Marine  
  78  11:29  Siege Tank  
  78  11:32  Marauder  
  83  11:53  Marauder  
  85  11:55  Supply Depot  
  88  12:01  Siege Tank  
  88  12:15  Marauder  
  90  13:04  Marine x4  
  90  13:05  Marauder  
  96  13:08  Supply Depot  
  96  13:17  Viking  
  96  13:18  Viking  
  100  13:26  Marauder  
  102  13:31  Supply Depot  
  88  13:48  Marauder  
  77  13:49  Marine x2  
  77  13:50  Marine  
  78  14:00  Marine  
  79  14:07  Marine x3  
  82  14:27  Refinery, Marine x4  
  82  14:28  Marauder  
  88  14:44  Marine  
  88  14:45  Marine  
  90  14:49  Marauder  
  91  15:11  Marauder  
  89  15:32  Marauder  
Show
View Real Time Build Order
Export as new Build Order

JarzHuntz Protoss - Winner!

Build Orders:  

Get SALT Encoding   

  12  0:01  Probe  
  13  0:16  Pylon  
  13  0:18  Probe  
  14  0:30  Probe  
  15  0:37  Gateway  
  15  0:38  Probe  
  16  0:46  Probe  
  16  0:56  Probe  
  17  0:57  Assimilator  
  18  1:08  Probe  
  19  1:16  Pylon  
  19  1:20  Probe  
  20  1:29  Assimilator  
  20  1:36  Cybernetics Core  
  20  1:42  Probe  
  21  1:54  Probe  
  22  2:01  Nexus  
  22  2:03  Adept  
  22  2:06  Probe  
  25  2:20  Pylon  
  25  2:25  Gateway  
  25  2:35  Probe  
  26  2:40  Adept  
  28  2:44  Pylon  
  28  2:49  Probe  
  29  3:01  Probe  
  30  3:13  Probe  
  31  3:22  Stalker  
  31  3:24  Stalker  
  31  3:25  Probe  
  36  3:29  Twilight Council  
  36  3:32  Forge  
  36  3:36  Probe  
  36  3:37  Probe  
  38  3:44  Probe  
  38  3:49  Probe  
  38  3:53  Probe  
  41  4:05  Stalker x2  
  45  4:12  Probe  
  46  4:21  Robotics Facility  
  46  4:24  Probe  
  46  4:28  Protoss Ground Weapons Level 1  
  47  4:31  Gateway  
  47  4:32  Blink  
  47  4:33  Gateway  
  47  4:35  Stalker x2  
  51  4:46  Probe  
  51  4:49  Probe  
  53  4:57  Photon Cannon  
  53  5:10  Robotics Bay  
  53  5:28  Robotics Facility  
  53  5:32  Probe  
  53  5:33  Probe  
  55  5:45  Stalker x2, Probe  
  55  5:46  Stalker  
  62  6:05  Nexus  
  62  6:06  Pylon  
  62  6:07  Pylon  
  62  6:08  Pylon  
  62  6:24  Stalker  
  64  6:28  Probe  
  64  6:32  Charge  
  65  6:33  Assimilator  
  65  6:35  Assimilator  
  65  6:40  Probe, Colossus  
  72  6:53  Probe  
  73  7:05  Probe  
  74  7:09  Colossus  
  80  7:17  Probe  
  80  7:21  Pylon  
  81  7:26  Pylon  
  81  7:29  Extended Thermal Lance  
  81  7:34  Colossus  
  87  7:42  Protoss Ground Weapons Level 2  
  87  8:03  Pylon  
  87  8:04  Photon Cannon, Pylon  
  87  8:05  Pylon  
  87  8:09  Photon Cannon  
  87  8:12  Shield Battery  
  87  8:19  Probe  
  88  8:24  Assimilator  
  88  8:29  Assimilator  
  88  8:31  Probe, Colossus  
  88  8:33  Colossus  
  101  8:39  Zealot x2  
  101  8:40  Zealot x2  
  109  8:44  Probe  
  110  8:56  Probe  
  111  9:06  Zealot  
  111  9:07  Zealot x3, Templar Archives  
  111  9:08  Probe  
  120  9:14  Dark Shrine  
  112  9:20  Probe  
  71  9:32  Probe  
  71  9:33  Zealot  
  71  9:34  Zealot x3  
  76  9:39  Probe  
  76  9:44  Probe x2  
  79  9:51  Probe  
  80  9:56  Probe  
  81  10:01  Zealot x3  
  81  10:03  Probe  
  81  10:06  Probe  
  89  10:08  Probe  
  90  10:15  Probe  
  90  10:18  Probe, Nexus  
  90  10:20  Probe  
  93  10:21  Pylon  
  93  10:28  Probe  
  94  10:30  Probe  
  94  10:32  Probe  
  96  10:38  Zealot x2  
  96  10:39  Zealot x2  
  96  10:40  Probe  
  97  10:43  Probe  
  97  10:45  Probe  
  97  10:52  Probe  
  97  10:55  Probe  
  94  10:57  Probe  
  77  11:04  Probe  
  77  11:05  Zealot x2  
  77  11:08  Immortal x2  
  77  11:09  Probe  
  90  11:24  Probe  
  91  11:32  Probe  
  91  11:38  Immortal x2, Zealot  
  91  11:39  Zealot x3  
  100  11:40  Probe  
  100  11:45  Protoss Ground Weapons Level 3  
  105  11:51  Gravitic Boosters, Probe  
  110  12:01  Probe  
  111  12:03  Probe x2  
  111  12:05  Zealot  
  111  12:06  Zealot x2, Probe  
  120  12:13  Probe  
  120  12:15  Probe x2  
  122  12:18  Probe  
  124  12:23  Gateway  
  124  12:24  Gateway  
  124  12:25  Probe  
  124  12:27  Probe x2  
  127  12:31  Gateway x2  
  127  12:35  Gateway  
  127  12:37  Probe  
  127  12:39  Probe  
  127  12:40  Probe  
  130  12:49  Probe  
  118  13:05  Zealot x4  
  126  13:19  Photon Cannon  
  126  13:23  Photon Cannon  
  126  13:26  Probe  
  127  13:27  Pylon  
  127  13:29  Probe  
  127  13:31  Probe  
  127  13:32  Zealot x4  
  137  13:39  Probe  
  137  13:41  Probe  
  121  13:43  Probe  
  102  13:51  Probe  
  102  13:54  Zealot  
  102  13:55  Zealot x4  
  113  13:59  Zealot x4  
  121  14:03  Probe  
  121  14:06  Photon Cannon  
  121  14:08  Photon Cannon  
  122  14:14  Assimilator  
  122  14:15  Probe  
  123  14:17  Assimilator  
  123  14:20  Probe  
  123  14:22  Zealot x4  
  123  14:24  Zealot  
  134  14:26  Zealot x3  
  134  14:27  Zealot, Probe  
  143  14:34  Immortal  
  147  14:38  Immortal  
  147  14:39  Probe  
  152  14:49  Zealot x4  
  152  14:51  Zealot  
  161  14:53  Zealot  
  157  15:11  Shield Battery  
Tags
 
Add a new tag
Caveats
  • Supply blocks, unpowered buildings, or Contaminate may cause inaccurate times.
  • Supply counts are checked every 10 seconds.